 Dungeon Crawl Stone Soup version 0.24.0-125-gc4c63601f3 (webtiles) character file.

Game seed: 9911160922661712293, levelgen mode: deterministic

84 Lemonice the Caller (level 4, 0/33 HPs)
             Began as a Barachi Summoner on Feb 21, 2020.
             Slain by a frilled lizard (3 damage)
             ... on level 2 of the Dungeon.
             The game lasted 00:07:25 (2906 turns).

Lemonice the Caller (Barachi Summoner)              Turns: 2906, Time: 00:07:25

Health: 0/33       AC:  4    Str: 10    XL:     4   Next: 45%
Magic:  8/8        EV: 13    Int: 16    God:
Gold:   166        SH:  0    Dex: 12    Spells: 3/9 levels left

rFire    . . .     SeeInvis .   u - +0 halberd
rCold    . . .     Gourm    .   (shield currently unavailable)
rNeg     . . .     Faith    .   a - +0 robe
rPois    .         Spirit   .   (no helmet)
rElec    .         Reflect  .   q - +0 cloak
rCorr    .         Harm     .   i - +0 pair of gloves
MR       .....                  (no boots)
Stlth    ++........             (no amulet)
HPRegen  0.11/turn              (no ring)
MPRegen  0.11/turn              (no ring)

@: slow
A: +LOS, swims, slowness 1, strong legs 1
a: Hop


You were on level 2 of the Dungeon.
You were hungry.

You visited 1 branch of the dungeon, and saw 3 of its levels.

You collected 166 gold pieces.

Inventory:

Hand Weapons
 d - a +0 club
 p - a +0 spear
 u - a +0 halberd (weapon)
Armour
 a - a +0 robe (worn)
 i - a +0 pair of gloves (worn)
 q - a +0 cloak (worn)
 s - a +0 shield
Jewellery
 n - an uncursed amulet of guardian spirit {unknown}
 r - a cursed -3 ring of protection {unknown}
Scrolls
 b - 3 scrolls of identify {unknown}
 e - 2 scrolls of teleportation {unknown}
 h - 3 scrolls of enchant armour {unknown}
 j - 2 scrolls of magic mapping {unknown}
 o - a scroll of immolation {unknown}
 v - a scroll of fear {unknown}
 w - a scroll of noise {unknown}
Potions
 f - 3 potions of haste {unknown}
 g - a potion of lignification {unknown}
 k - 2 potions of magic {unknown}
 l - a potion of agility {unknown}
 m - a potion of cancellation {unknown}
Comestibles
 c - 4 rations


   Skills:
 + Level 2.0 Fighting
 + Level 3.0 Dodging
 - Level 1.7 Stealth
 + Level 3.0 Spellcasting
 + Level 5.5 Summonings


You had 3 spell levels left.
You knew the following spells:

 Your Spells              Type           Power        Failure   Level  Hunger
a - Summon Small Mammal   Summ           ###.         1%          1    #......
b - Call Imp              Summ           ###.....     3%          2    ##.....
c - Call Canine Familiar  Summ           ###.....     6%          3    ###....

Your spell library contained the following spells:

 Spells                   Type           Power        Failure   Level  Hunger
 Summon Guardian Golem    Hex/Summ       ##......     19%         3    ###....
 Summon Ice Beast         Ice/Summ       ##......     52%         4    #####..
 Summon Lightning Spire   Summ/Air       ##......     52%         4    #####..


Dungeon Overview and Level Annotations

Branches:
Dungeon (3/15)

Altars:


Innate Abilities, Weirdness & Mutations

Shadows flee at your approach. (+LOS)
You can swim through water.
You cover ground slowly.
You can hop short distances.


Message History

Unknown command.
You hit the quokka.
You kill the quokka!
The frilled lizard bites you. The orc hits you with a +0 short sword.
The frilled lizard barely misses you. The bat hits you but does no damage.
The orc closely misses you.
The frilled lizard bites you but does no damage.
You climb upwards.
There is a stone staircase leading down here.
You barely miss the orc. The orc closely misses you.
The frilled lizard misses you. The orc misses you.
You barely miss the orc.
The frilled lizard bites you but does no damage.
The orc hits you with a +0 short sword!
* * * LOW HITPOINT WARNING * * *
The frilled lizard closely misses you.
You hit the orc.
The orc is heavily wounded.
The orc barely misses you. The frilled lizard bites you.
You die...

####.#
#.####.##.....#.....#
.....# #.#
#.#......###...# ######
#.# #.#............#
###.####.#..........>..
#......#.##....###.##.#
#.#.##.#.......# #.##.#
#.#.##.###.....# #.##..
###...##o# #.....#
#.###. #......#@#
#.....# #.###.
#.#.)#.#l#
#.....###.....
#.#...).b#
#.....##......
#.##.#.###
########.####. #.##.#.#
#.####. #.##.#.#
#.##... #......#
#####.##)## ####.###
##...#...... #.#
######.....###.##


You could see an orc, a bat and a frilled lizard.

Vanquished Creatures
  An adder (D:3)
  A dart slug (D:2)
  2 goblins
  A hobgoblin (D:1)
  2 quokkas (D:3)
  8 bats
  2 frilled lizards
  4 kobolds
  5 rats
26 creatures vanquished.

Vanquished Creatures (collateral kills)
  An orc wizard (D:3)
  4 adders (D:2)
  A worm (D:2)
  3 orcs (D:3)
  A giant cockroach (D:3)
  3 goblins (D:1)
  2 hobgoblins (D:1)
  4 kobolds
  A frilled lizard (D:2)
20 creatures vanquished.

Grand Total: 46 creatures vanquished

Notes
Turn   | Place    | Note
-------+----------+-------------------------------------------
     0 | D:1      | Lemonice the Barachi Summoner began the quest for the Orb.
     0 | D:1      | Reached XP level 1. HP: 13/13 MP: 3/3
    58 | D:1      | Reached skill level 5 in Summonings
   400 | D:1      | Reached XP level 2. HP: 20/20 MP: 1/5
  1121 | D:1      | Reached skill level 1 in Fighting
  1546 | D:2      | Reached XP level 3. HP: 16/26 MP: 6/6
  2169 | D:2      | Learned a level 2 spell: Call Imp
  2173 | D:2      | Learned a level 3 spell: Call Canine Familiar
  2469 | D:3      | Reached XP level 4. HP: 30/33 MP: 4/8
  2906 | D:2      | Slain by a frilled lizard

Levels and vault maps discovered:
D:1:      dpeg_arrival_tiny_b, layout_loops_ring
D:2:      minmay_angry_zag, layout_loops_cross, minmay_tromino_v4_c
D:3:      layout_basic, minitemple

Skill      XL: |  1  2  3  4 |
---------------+-------------+-----
Summonings     | 5 |  5.5
Fighting       | 1 2 |  2.0
Dodging        | 3 |  3.0
Spellcasting   | 3 |  3.0
Stealth        | |  1.7

Action                   |  1- 3 |  4- 6 || total
-------------------------+-------+-------++-------
Melee: Club              |    94 |       ||    94
       Unarmed           |    10 |       ||    10
       Spear             |    25 |       ||    25
       Halberd           |       |    21 ||    21
 Cast: Summon Small Mamm |    30 |       ||    30
       Call Canine Famil |     2 |     1 ||     3
       Call Imp          |       |     2 ||     2
 Stab: Distracted        |     1 |       ||     1
       Sleeping          |     9 |     2 ||    11
  Eat: Chunk             |     4 |       ||     4
       Ration            |     1 |       ||     1
Armor: Robe              |    45 |     4 ||    49
Dodge: Dodged            |   117 |    18 ||   135
